AoeStats
← Death_Rider

Arena

510112855Analyzed
1v1 RM · 4d ago on Sep 29, 2026· 45m 36s· 2 players
Game mode
Random Map
Map size
Tiny (2 player)
Population
200
Speed
Normal
Resources
Standard
Victory
Conquest
Starting age
Dark Age
Ending age
Imperial Age
RankedLock teamsTeams togetherTeam positionsShared explorationLock speedFull tech treeHidden civsTurbo modeCheats
Victory
Defeat
🇩🇪 Franks · Germany
980
+15
🇯🇵 Cumans · Japan
952
-15
Death_Rider
10:17 Feudal Age
10:42 Double-Bit Axe
17:26 Castle Age
15:37 Gold Mining
17:22 Forging
17:41 Scale Barding Armor
19:02 Loom
19:03 Town Watch
19:53 Wheelbarrow
20:45 Husbandry
23:00 Squires
24:18 Stone Mining
24:25 Pikeman
28:42 Gold Shaft Mining
29:14 Bow Saw
32:14 Imperial Age
31:18 Fletching
31:13 Treadmill Crane
32:31 Ballistics
32:23 Masonry
33:31 Conscription
33:01 Cavalier
33:48 Guard Tower
34:12 Chivalry
35:26 Chemistry
34:57 Bodkin Arrow
35:40 Iron Casting
36:04 Chain Barding Armor
36:27 Hand Cart
36:12 Town Patrol
36:37 Padded Archer Armor
37:08 Town Patrol
38:07 Architecture
39:05 Blast Furnace
38:23 Elite Throwing Axeman
38:41 Elite Skirmisher
39:42 Paladin
41:32 Hoardings
40:29 Ordonnance Companies
43:51 Arrowslits
46:48 Plate Barding Armor
46:28 Leather Archer Armor
Yuugen
6:51 Loom
9:55 Feudal Age
11:25 Double-Bit Axe
11:37 Horse Collar
20:01 Castle Age
19:43 Wheelbarrow
20:58 Bloodlines
21:42 Hand Cart
22:16 Scale Barding Armor
22:22 Forging
24:06 Pikeman
24:46 Squires
24:52 Scale Mail Armor
25:30 Iron Casting
27:04 Gold Mining
29:17 Fervor
29:28 Sanctity
32:21 Imperial Age
30:38 Chain Mail Armor
30:45 Chain Mail Armor
31:39 Gold Shaft Mining
30:55 Stone Mining
32:11 Bow Saw
32:24 Halberdier
32:42 Light Cavalry
34:02 Hussar
37:52 Blast Furnace
37:42 Conscription
37:41 Steppe Husbandry
39:48 Arson
40:36 Plate Mail Armor
42:18 Hoardings
43:30 Elite Skirmisher
43:47 Elite Kipchak
Connection lost

Rejoining the realm…

Still unreachable

The connection could not be restored.

Session expired

The server has moved on; the page needs a fresh start.